 Dungeon Crawl Stone Soup version 0.31-a0-187-gba352fbbf7 (webtiles) character file.

Game seed: 17878513477801289711

13169 qw the Markself (level 11, -8/67 HPs)
             Began as a Deep Elf Hunter on June 22, 2023.
             Was an Elder of Okawaru.
             Mangled by a cane toad (11 damage)
             ... on level 1 of the Lair of Beasts.
             The game lasted 00:03:41 (8965 turns).

qw the Markself (Deep Elf Hunter)                   Turns: 8965, Time: 00:03:41

Health: -8/67      AC: 12    Str: 13    XL:     11   Next: 72%
Magic:  15/16      EV: 24    Int: 14    God:    Okawaru [****..]
Gold:   865        SH:  0    Dex: 19    Spells: 10/10 levels left

rFire   . . .        Y - +1 arbalest (elec)
rCold   . . .        (shield currently unavailable)
rNeg    + + .        b - +0 ring mail
rPois   +            i - +0 helmet
rElec   .            j - +2 ratskin cloak {*Rats rPois rN+ Str-1 Int-1 Dex+1}
rCorr   .            l - +0 pair of gloves
SInv    .            (no boots)
Will    +....        (no amulet)
Stlth   +++          m - ring of positive energy
HPRegen 0.31/turn    k - ring "Zonkeeng" {*Slow rPois EV+5 Str+2}
MPRegen 0.15/turn

%: slow self (1%)
@: lethally poisoned (-8 -> -14), heroic
A: no striking features
a: Renounce Religion, Heroism, Finesse


You were on level 1 of the Lair of Beasts.
You worshipped Okawaru.
Okawaru was greatly pleased with you.
You visited 3 branches of the dungeon, and saw 12 of its levels.
You also visited: Ossuary.

You collected 1115 gold pieces.
You spent 250 gold pieces at shops.


   Skills:
 - Level 7.0(12.0) Fighting
 - Level 18.2(23.2) Ranged Weapons
 + Level 3.0(8.0) Armour
 - Level 10.0(15.0) Dodging
 - Level 1.2(6.2) Stealth
 + Level 5.0 Invocations


You had 10 spell levels left.
You didn't know any spells.
Your spell library was empty.

Inventory:

Hand Weapons
 Y - a +1 arbalest of electrocution (weapon)
Armour
 b - a +0 ring mail (worn)
 d - the +1 pair of boots of Miadd {Harm rElec Int-4 Stlth+}
   (You bought it in a shop on level 2 of the Dungeon)

   Int:       It affects your intelligence (-4).
   rElec:     It insulates you from electricity.
   Harm:      It increases damage dealt and taken.
   Stlth:     It makes you more stealthy.
 i - a +0 helmet (worn)
 j - the +2 ratskin cloak (worn) {*Rats rPois rN+ Str-1 Int-1 Dex+1}
   (You found it on level 4 of the Dungeon)

   *Rats:     When the wearer is hurt, rats may emerge from it to assist them.
   Str:       It affects your strength (-1).
   Int:       It affects your intelligence (-1).
   Dex:       It affects your dexterity (+1).
   rPois:     It protects you from poison.
   rN:        It protects you from negative energy.
 l - a +0 pair of gloves (worn)
 n - a +2 robe of fire resistance
Jewellery
 k - the ring "Zonkeeng" (right hand) {*Slow rPois EV+5 Str+2}
   (You found it on level 8 of the Dungeon)

   [ring of evasion]

   EV:        It affects your evasion (+5).
   Str:       It affects your strength (+2).
   rPois:     It protects you from poison.
   *Slow:     It may slow you when you take damage.
 m - a ring of positive energy (left hand)
 p - a ring of ice
Scrolls
 a - 6 scrolls of identify
 e - 8 scrolls of teleportation
Potions
 c - a potion of mutation
 f - 3 potions of curing
 g - 3 potions of enlightenment
 h - a potion of haste
 o - 2 potions of heal wounds
 q - a potion of might

Dungeon Overview and Level Annotations

Branches:
Dungeon (9/15)             Temple (1/1) D:6            Lair (2/5) D:9
Ossuary (visited)
  Swamp: Lair:2-3    Shoals: Lair:2-3     Snake: Lair:2-3    Spider: Lair:2-3
    Orc: D:9-12

Altars:
Ashenzari
Cheibriados
Dithmenos
Elyvilon
Fedhas
Gozag
Hepliaklqana
Kikubaaqudgha
Makhleb
Okawaru
Ru
Sif Muna
Uskayaw
Vehumet
Wu Jian
Xom
Yredelemnul
Zin
The Shining One

Shops:
D:2 [

Annotations:
D:5 2 transporters, qw's ghost, novice GrHu
D:8 2 runed translucent doors


Message History

You hear a howl!
You shoot a bolt. The bolt hits the cane toad.
The cane toad is lightly wounded.
The cane toad stings you!
A wolf comes into view.
The cane toad closely misses you.
You shoot a bolt. The bolt barely misses the cane toad.
The cane toad stings you but does no damage.
The cane toad stings you.
The bullfrog snags a nearby blue-tailed skink with its tongue.
You shoot a bolt. The bolt closely misses the cane toad.
The cane toad completely misses you.
You shoot a bolt. The bolt barely misses the cane toad.
The cane toad misses you. x2; The cane toad completely misses you.
The cane toad barely misses you. The cane toad stings you!
You are poisoned.
The cane toad poisons you!
You shoot a bolt. The bolt closely misses the cane toad.
You feel very sick. The wolf closely misses you. The cane toad stings you!
The cane toad closely misses you.
The cane toad stings you but does no damage.
A wyvern comes into view.
8963 ||| STAIRDANCE You feel very sick.
The wolf barely misses you. The cane toad misses you. x2
The wolf barely misses you.
You climb upwards.
You feel very sick.
There is a stone staircase leading down here.
Enter note:
Enter note:
Enter note:
Enter note:
Enter note: You shoot a bolt.
The bolt barely misses the cane toad.
You feel very sick. The wolf bites you but does no damage.
The cane toad closely misses you. The cane toad stings you! x2
You die...

..###.....###.P.......#.#........
#.....#...#...###+.######........
#.#.P##...'..## #..#.# #.(......
........#.#### ##...## ##.######
###......## ###..# #..#
#.........## ##.# ##.##
#..........# ####.# #..##
#..........#######.##.## #...#
#........#..##.F@F.....# ##..#
P.........#..'.F.h.....#####.## #
.........#####.........#..##..###
.........# #..........'.........
.........# ##.........#####..###
#........# #####+.###.# ##.P##
##..###.## ###.#.### #P..#
#...#.#.# #....#### ##.##
#.8....### ##..8.'.P# #..##


You could see 3 cane toads and a wolf.

Vanquished Creatures
  4 two-headed ogres
  A black mamba (Lair:1)
  4 cane toads (Lair:1)
  Psyche (D:8)
  3 komodo dragons (Lair:1)
  2 trolls (D:9)
  Prince Ribbit (D:6)
  Sigmund (D:2)
  2 wyverns
  14 yaks
  4 vampire mosquitoes (D:9)
  8 water moccasins
  3 orc warriors
  2 sky beasts
  2 ogres
  A centaur (D:5)
  2 kobold brigands (D:9)
  2 gnoll sergeants
  3 bullfrogs
  6 scorpions
  7 water moccasin zombies (Ossuary)
  9 wights
  2 electric eels (D:9)
  4 howler monkeys
  9 hounds
  4 orc priests (D:7)
  A gnoll bouda (D:8)
  2 jellies
  Ijyb (D:3)
  8 iguanas
  10 orc wizards
  A statue (D:9)
  A mummy (Ossuary)
  19 gnolls
  9 adders
  An ufetubus (D:5)
  An adder zombie (Ossuary)
  3 worms
  2 dart slugs
  31 orcs
  7 ball pythons
  6 bats
  4 endoplasms
  5 giant cockroaches
  2 gnoll zombies (Ossuary)
  9 goblins
  12 hobgoblins
  5 jackals (D:3)
  2 quokkas
  5 frilled lizards
  4 hobgoblin zombies (Ossuary)
  16 kobolds
  6 kobold zombies (Ossuary)
  4 orc zombies (Ossuary)
  5 rats
283 creatures vanquished.

Vanquished Creatures (collateral kills)
  A jelly (D:5)
  A mummy (Ossuary)
  2 gnolls (D:5)
  A hobgoblin zombie (Ossuary)
  An orc zombie (Ossuary)
6 creatures vanquished.

Grand Total: 289 creatures vanquished

Notes
Turn   | Place    | Note
-------+----------+-------------------------------------------
     0 | D:1      | qw the Deep Elf Hunter began the quest for the Orb.
     0 | D:1      | Reached XP level 1. HP: 12/12 MP: 3/3
     0 | D:1      | 0 ||| qw: Version: 0.3-a-9-g12657ce
     0 | D:1      | 0 ||| qw: Game counter: 2618
     0 | D:1      | 0 ||| qw: Always use a shield: true
     0 | D:1      | 0 ||| qw: God list: Okawaru
     0 | D:1      | 0 ||| qw: Allow faded altars: false
     0 | D:1      | 0 ||| qw: Do Orc after D:15 true
     0 | D:1      | 0 ||| qw: Do second Lair branch before Depths: true
     0 | D:1      | 0 ||| qw: Lair rune preference: random
     0 | D:1      | 0 ||| qw: Plans: Normal
     0 | D:1      | 0 ||| PLANNING D:1-11
   218 | D:1      | Reached XP level 2. HP: 16/16 MP: 4/4
   221 | D:1      | Reached skill level 6 in Ranged Weapons
   524 | D:1      | 524 ||| DROPPING amulet of magic regeneration.
   525 | D:1      | 525 ||| READING scroll labelled ELUV OB IWOLEI.
   529 | D:1      | 529 ||| READING 2 scrolls labelled MOUNUYMIKO.
   529 | D:1      | Identified 2 scrolls of acquirement
   529 | D:1      | 529 ||| ACQUIRING 499 gold pieces
   529 | D:1      | Acquired 499 gold pieces
   531 | D:1      | 531 ||| READING scroll of acquirement.
   531 | D:1      | 531 ||| ACQUIRING +1 arbalest of electrocution
   531 | D:1      | Acquired a +1 arbalest of electrocution
   533 | D:1      | 533 ||| SWAPPING to +1 arbalest of electrocution.
   534 | D:1      | 534 ||| DROPPING +0 shortbow.
   535 | D:1      | 535 ||| DROPPING scroll of butterflies.
   614 | D:2      | Found Lyad's Armour Boutique.
   617 | D:2      | 617 ||| BUYING +1 pair of boots of Miadd {Harm rElec Int-4
                  | Stlth+} (250 gold).
   617 | D:2      | Bought the +1 pair of boots of Miadd {Harm rElec Int-4
                  | Stlth+} for 250 gold pieces
   617 | D:2      | 617 ||| SHOPLISTING +3 scale mail of Sotryammeu {-Tele
                  | Contam Harm rC++} (432 gold, have 319).
   617 | D:2      | 617 ||| SHOPLISTING +4 hat of Sasacsag {+Blink Str-4
                  | Stlth+} (453 gold, have 319).
   643 | D:2      | Reached XP level 3. HP: 20/20 MP: 5/5
   683 | D:2      | Noticed Sigmund
   691 | D:2      | Killed Sigmund
   692 | D:2      | Reached skill level 8 in Ranged Weapons
   692 | D:2      | Reached XP level 4. HP: 18/25 MP: 6/6
   692 | D:2      | Reached XP level 5. HP: 21/29 MP: 7/7
  1100 | D:2      | 1100 ||| UPGRADING to +0 ring mail.
  1110 | D:2      | 1110 ||| DROPPING +0 leather armour.
  1111 | D:2      | 1111 ||| UPGRADING to +0 helmet.
  1116 | D:2      | 1116 ||| UPGRADING to +0 pair of gloves.
  1121 | D:2      | 1121 ||| UPGRADING to ring of positive energy.
  1122 | D:2      | 1122 ||| READING scroll labelled SALAM ULUIRI.
  1123 | D:2      | 1123 ||| READING scroll labelled SUHUMO PUASEAC.
  1148 | D:3      | Noticed Ijyb
  1151 | D:3      | Killed Ijyb
  1152 | D:3      | Reached skill level 9 in Ranged Weapons
  1175 | D:3      | Noticed an ogre
  1179 | D:3      | Killed an ogre
  1180 | D:3      | Reached XP level 6. HP: 26/36 MP: 8/8
  1263 | D:3      | Found an ancient bone altar of Kikubaaqudgha.
  1365 | D:3      | Reached skill level 1 in Armour
  1406 | D:3      | Found a shimmering blue altar of Sif Muna.
  1626 | D:3      | Found a faded altar of an unknown god.
  1950 | D:3      | 1950 ||| UPGRADING to +0 cloak.
  1955 | D:3      | 1955 ||| READING scroll labelled NOGRIRHUASI.
  2011 | D:3      | 2011 ||| READING scroll labelled CAXIOTEFEIPS.
  2012 | D:3      | 2012 ||| READING scroll labelled PEYGEDGHUME.
  2013 | D:3      | 2013 ||| DRINKING 2 bubbling clear potions.
  2015 | D:3      | 2015 ||| Stepping ~*~*~tactically~*~*~ (cloud).
  2097 | D:4      | Reached skill level 10 in Ranged Weapons
  2278 | D:4      | Reached XP level 7. HP: 37/40 MP: 9/9
  2326 | D:4      | Reached skill level 3 in Dodging
  2362 | D:4      | Found the +2 ratskin cloak {*Rats rPois rN+ Str-1 Int-1
                  | Dex+1}
  2475 | D:4      | 2475 ||| UPGRADING to +2 ratskin cloak {*Rats rPois rN+
                  | Str-1 Int-1 Dex+1}.
  2485 | D:4      | 2485 ||| DROPPING +0 cloak.
  2486 | D:4      | 2486 ||| DRINKING 2 grey potions.
  2487 | D:4      | 2487 ||| READING 2 scrolls of identify.
  2487 | D:4      | 2487 ||| IDENTIFYING amethyst potion
  2499 | D:4      | 2499 ||| STAIRDANCE
  2864 | D:4      | Reached skill level 11 in Ranged Weapons
  2955 | D:4      | 2955 ||| READING scroll labelled KUJILUVIMN.
  3080 | D:5      | Entered Level 5 of the Dungeon
  3104 | D:5      | Identified the +0 hat "Aleoseaz" {rN+ Stlth+}
  3136 | D:5      | 3136 ||| DRINKING potion of curing.
  3136 | D:5      | 3136 ||| (to cure confusion)
  3236 | D:5      | Found a transporter.
  3256 | D:5      | Noticed qw's ghost (novice GrHu)
  3304 | D:5      | HP: 10/40 [gnoll/+0 halberd (11)]
  3305 | D:5      | 3305 ||| FLEEEEING.
  3306 | D:5      | 3306 ||| FLEEEEING.
  3307 | D:5      | 3307 ||| FLEEEEING.
  3308 | D:5      | 3308 ||| FLEEEEING.
  3309 | D:5      | 3309 ||| FLEEEEING.
  3310 | D:5      | 3310 ||| FLEEEEING.
  3311 | D:5      | 3311 ||| FLEEEEING.
  3312 | D:5      | 3312 ||| FLEEEEING.
  3314 | D:5      | 3314 ||| FLEEEEING.
  3315 | D:5      | 3315 ||| FLEEEEING.
  3316 | D:5      | 3316 ||| FLEEEEING.
  3317 | D:5      | 3317 ||| STAIRDANCE
  3420 | D:4      | 3420 ||| DROPPING +0 hat "Aleoseaz" {rN+ Stlth+}.
  3421 | D:4      | 3421 ||| READING scroll labelled PICEOMI VYGOV.
  3439 | D:5      | Found a white marble altar of Elyvilon.
  3461 | D:5      | Reached skill level 12 in Ranged Weapons
  3461 | D:5      | Reached XP level 8. HP: 45/45 MP: 10/10
  3503 | D:5      | Reached skill level 3 in Fighting
  3596 | D:5      | Found a transporter.
  3892 | D:5      | 3892 ||| READING 3 scrolls of identify.
  3892 | D:5      | 3892 ||| IDENTIFYING green potion
  3893 | D:5      | 3893 ||| READING 2 scrolls of identify.
  3893 | D:5      | 3893 ||| IDENTIFYING white potion
  3894 | D:5      | 3894 ||| DROPPING potion of attraction.
  3895 | D:5      | 3895 ||| DROPPING potion of brilliance.
  3940 | D:6      | 3940 ||| PLANNING OSSUARY
  3964 | D:6      | 3964 ||| Stepping ~*~*~tactically~*~*~ (outnumbered).
  3967 | D:6      | Reached skill level 13 in Ranged Weapons
  4080 | D:6      | Noticed Prince Ribbit
  4090 | D:6      | Killed Prince Ribbit
  4091 | D:6      | Reached skill level 14 in Ranged Weapons
  4259 | D:6      | Found a sand-covered staircase.
  4260 | D:6      | 4260 ||| READING scroll labelled MAILO SI APAU.
  4261 | D:6      | 4261 ||| DRINKING 2 gluggy clear potions.
  4297 | D:6      | 4297 ||| DROPPING potion of lignification.
  4303 | Ossuary  | Entered an ossuary
  4343 | Ossuary  | Reached XP level 9. HP: 42/51 MP: 11/11
  4486 | Ossuary  | 4486 ||| DRINKING 3 ruby potions.
  4487 | Ossuary  | 4487 ||| READING 4 scrolls of identify.
  4487 | Ossuary  | 4487 ||| IDENTIFYING fuming coppery potion
  4488 | Ossuary  | 4488 ||| READING 3 scrolls of identify.
  4488 | Ossuary  | 4488 ||| IDENTIFYING smoky amethyst potion
  4489 | Ossuary  | 4489 ||| DROPPING potion of degeneration.
  4490 | Ossuary  | 4490 ||| DROPPING potion of ambrosia.
  4496 | D:6      | 4496 ||| PLANNING D:1-11
  4547 | D:6      | Found a staircase to the Ecumenical Temple.
  4548 | D:6      | 4548 ||| PLANNING TEMPLE
  4557 | Temple   | Entered the Ecumenical Temple
  4592 | Temple   | 4592 ||| PLANNING OKAWARU WORSHIP
  4767 | Temple   | Became a worshipper of Warmaster Okawaru
  4768 | Temple   | 4768 ||| PLANNING D:1-11
  4823 | D:6      | Reached skill level 15 in Ranged Weapons
  5327 | D:7      | Found a flagged portal.
  5404 | D:7      | 5404 ||| FLEEEEING.
  5405 | D:7      | 5405 ||| FLEEEEING.
  5406 | D:7      | 5406 ||| FLEEEEING.
  5407 | D:7      | 5407 ||| FLEEEEING.
  5408 | D:7      | 5408 ||| FLEEEEING.
  5410 | D:7      | 5410 ||| FLEEEEING.
  5622 | D:7      | Reached * piety under Okawaru
  5952 | D:7      | 5952 ||| DROPPING +6 ring of intelligence.
  5953 | D:7      | 5953 ||| READING scroll labelled LANAINTAPO.
  5954 | D:7      | 5954 ||| READING 7 scrolls of identify.
  5954 | D:7      | 5954 ||| IDENTIFYING sedimented inky potion
  5955 | D:7      | 5955 ||| DROPPING potion of berserk rage.
  6013 | D:8      | Noticed a two-headed ogre
  6014 | D:8      | 6014 ||| INVOKING Heroism.
  6016 | D:8      | 6016 ||| INVOKING Heroism.
  6017 | D:8      | 6017 ||| INVOKING Heroism.
  6019 | D:8      | Killed a two-headed ogre
  6020 | D:8      | Reached skill level 16 in Ranged Weapons
  6071 | D:8      | 6071 ||| INVOKING Heroism.
  6072 | D:8      | 6072 ||| INVOKING Heroism.
  6082 | D:8      | 6082 ||| INVOKING Heroism.
  6086 | D:8      | Reached skill level 1 in Invocations
  6096 | D:8      | Reached XP level 10. HP: 43/56 MP: 10/13
  6120 | D:8      | 6120 ||| FLEEEEING.
  6182 | D:8      | Reached ** piety under Okawaru
  6183 | D:8      | Reached skill level 6 in Dodging
  6187 | D:8      | Reached skill level 3 in Invocations
  6188 | D:8      | 6188 ||| INVOKING Heroism.
  6217 | D:8      | 6217 ||| FLEEEEING.
  6218 | D:8      | 6218 ||| FLEEEEING.
  6314 | D:8      | Noticed a two-headed ogre
  6315 | D:8      | 6315 ||| INVOKING Heroism.
  6321 | D:8      | Killed a two-headed ogre
  6322 | D:8      | Reached skill level 17 in Ranged Weapons
  6387 | D:8      | Identified the ring "Zonkeeng" {*Slow rPois EV+5 Str+2}
  6537 | D:8      | Found a large runed translucent door.
  6540 | D:8      | Found a large runed translucent door.
  6791 | D:8      | Noticed a two-headed ogre
  6792 | D:8      | 6792 ||| INVOKING Heroism.
  6797 | D:8      | Killed a two-headed ogre
  6798 | D:8      | Reached skill level 18 in Ranged Weapons
  6881 | D:8      | Noticed Psyche
  6882 | D:8      | 6882 ||| INVOKING Heroism.
  6885 | D:8      | Paralysed by Psyche for 3 turns
  6893 | D:8      | Killed Psyche
  7016 | D:8      | 7016 ||| UPGRADING to ring "Zonkeeng" {*Slow rPois EV+5
                  | Str+2}.
  7017 | D:8      | 7017 ||| READING scroll labelled IMMUAL JEAPRU.
  7042 | D:9      | 7042 ||| Stepping ~*~*~tactically~*~*~ (outnumbered).
  7048 | D:9      | 7048 ||| Stepping ~*~*~tactically~*~*~ (outnumbered).
  7051 | D:9      | Reached *** piety under Okawaru
  7064 | D:9      | 7064 ||| INVOKING Heroism.
  7074 | D:9      | Noticed a two-headed ogre
  7087 | D:9      | Reached XP level 11. HP: 38/63 MP: 16/16
  7092 | D:9      | Killed a two-headed ogre
  7093 | D:9      | 7093 ||| INVOKING Heroism.
  7098 | D:9      | HP: 13/63 [vampire mosquito (8)]
  7099 | D:9      | 7099 ||| READING 5 scrolls of teleportation.
  7100 | D:9      | 7100 ||| DRINKING 3 potions of heal wounds.
  7233 | D:9      | Found a radiant altar of Vehumet.
  7235 | D:9      | 7235 ||| INVOKING Heroism.
  7306 | D:9      | 7306 ||| INVOKING Heroism.
  7446 | D:9      | 7446 ||| INVOKING Heroism.
  7476 | D:9      | Found a staircase to the Lair.
  7490 | D:9      | 7490 ||| FLEEEEING.
  7491 | D:9      | 7491 ||| FLEEEEING.
  7497 | D:9      | 7497 ||| FLEEEEING.
  7498 | D:9      | 7498 ||| FLEEEEING.
  7499 | D:9      | 7499 ||| FLEEEEING.
  7505 | D:9      | 7505 ||| FLEEEEING.
  7506 | D:9      | 7506 ||| FLEEEEING.
  7601 | D:9      | Reached skill level 3 in Armour
  7672 | D:9      | 7672 ||| INVOKING Heroism.
  7936 | D:9      | 7936 ||| PLANNING LAIR
  7936 | D:9      | 7936 ||| READING 7 scrolls of identify.
  7936 | D:9      | 7936 ||| IDENTIFYING puce potion
  7965 | Lair:1   | Entered Level 1 of the Lair of Beasts
  8029 | Lair:1   | Reached skill level 6 in Fighting
  8104 | Lair:1   | 8104 ||| INVOKING Heroism.
  8112 | Lair:1   | Reached skill level 9 in Dodging
  8329 | Lair:1   | 8329 ||| INVOKING Heroism.
  8350 | Lair:1   | 8350 ||| INVOKING Heroism.
  8510 | Lair:1   | 8510 ||| INVOKING Heroism.
  8516 | Lair:1   | Reached **** piety under Okawaru
  8604 | Lair:1   | 8604 ||| INVOKING Heroism.
  8691 | Lair:1   | 8691 ||| INVOKING Heroism.
  8696 | Lair:1   | Received a gift from Okawaru
  8955 | Lair:2   | 8955 ||| INVOKING Heroism.
  8963 | Lair:2   | 8963 ||| STAIRDANCE
  8965 | Lair:1   | HP: 15/67 [poisoned by a cane toad]
  8965 | Lair:1   | HP: 3/67 [cane toad (12)]
  8965 | Lair:1   | Mangled by a cane toad

Levels and vault maps discovered:
D:1:      dpeg_arrival_morbid_curiosity, layout_rooms, chequers_arboretum
D:2:      layout_rooms, serial_shops, nicolae_shop_real_fake_doors,
          kennysheep_donut, uniq_sigmund
D:3:      kennysheep_big_flooded_room, layout_loops_cross, led_sif_book,
          kiku_gazebo_pond_becter, shapermc_ecumenical_altar_gd, uniq_ijyb
D:4:      minmay_chambers_of_threes, layout_loops_ring
D:5:      layout_loops_ring, elyvilon_altar_3, gammafunk_ghost_gnarly_gnolls
D:6:      layout_basic, minmay_temple_entry_drinking_statues, enter_ossuary_2,
          uniq_prince_ribbit1
D:7:      layout_basic, enter_bailey_2, nicolae_benzene_ring
D:8:      layout_gridville, jmf_multi_god_temple2, lemuel_flamethrower_2,
          uniq_psyche
D:9:      layout_basic, vehumet_statue, erik_lair_island
Temple:   regret_index_temple_generic_petals
Lair:1:   layout_roguey, serial_bayou_shore_a, grunt_megastairs_4
Lair:2:   layout_chaotic_city, dummy_spider_entry, serial_rivers,
          chequers_serial_rivers_large_a, chequers_serial_rivers_micro_e,
          chequers_serial_rivers_small_a, chequers_serial_rivers_micro_e,
          chequers_serial_rivers_small_3, chequers_serial_rivers_small_b,
          st_stairs_9, uniq_amaemon

Skill      XL: |  1  2  3  4  5  6  7  8  9 10 11 |
---------------+----------------------------------+-----
Ranged Weapons | 6 8 9 10 12 14 16 18 | 18.2
Fighting       | 2 3 4 5 7 |  7.0
Armour         | 1 2 3 |  3.0
Dodging        | 3 5 7 10 | 10.0
Invocations    | 1 4 5 |  5.0
Stealth        | |  1.2

Action                     |  1- 3 |  4- 6 |  7- 9 | 10-12 || total
---------------------------+-------+-------+-------+-------++-------
   Fire: Shortbow          |    56 |       |       |       ||    56
         Arbalest          |    14 |   123 |   254 |   261 ||   652
 Invoke: Heroism           |       |       |     3 |    17 ||    20
    Use: Scroll            |     3 |     5 |    10 |     3 ||    21
         Potion            |       |     1 |     4 |     1 ||     6
 Armour: Leather armour    |     6 |     2 |       |       ||     8
         Ring mail         |       |    26 |    42 |    25 ||    93
  Dodge: Dodged            |    23 |    44 |    63 |   105 ||   235

Table legend:
 A = Non-vault XP
 B = Vault XP
 C = Vault XP percentage of total XP
 D = Non-vault monster count
 E = Vault monster count
 F = Vault count percentage of total count
                 A         B        C        D         E       F
            +---------+---------+-------+---------+---------+-------
      Total |   15880 |    2933 |  15.6 |     227 |      62 |  21.5
            +---------+---------+-------+---------+---------+-------
        D:1 |      24 |       8 |  25.0 |      15 |       4 |  21.1
        D:2 |      18 |     214 |  92.2 |      14 |       1 |   6.7
        D:3 |     295 |     113 |  27.7 |      32 |       5 |  13.5
        D:4 |     254 |     144 |  36.2 |      20 |      12 |  37.5
        D:5 |     954 |       0 |   0.0 |      23 |       0 |   0.0
        D:6 |     599 |     268 |  30.9 |      18 |       1 |   5.3
        D:7 |     775 |       0 |   0.0 |      18 |       0 |   0.0
        D:8 |    4818 |     379 |   7.3 |      26 |       1 |   3.7
        D:9 |    3115 |     584 |  15.8 |      41 |       8 |  16.3
     Lair:1 |    5028 |     606 |  10.8 |      20 |       2 |   9.1
    Ossuary |       0 |     617 | 100.0 |       0 |      28 | 100.0
            +---------+---------+-------+---------+---------+-------
